 Dungeon Crawl Stone Soup version 0.29.1-15-g9cfb28693d (webtiles) character file.

Game seed: 4655225275106940798

159398 Peloso the Fencer (level 17, -3/161 HPs)
             Began as a Minotaur Fighter on Feb 27, 2023.
             Was the Champion of Okawaru.
             Killed by divine providence
             ... invoked by a deep elf high priest
              (12 damage)
             ... on level 2 of the Elven Halls.
             The game lasted 01:19:49 (36715 turns).

Peloso the Fencer (Minotaur Fighter)               Turns: 36715, Time: 01:19:49

Health: -3/161     AC: 37    Str: 29    XL:     17   Next: 16%
Magic:  18/19      EV: 17    Int:  5    God:    Okawaru [******]
Gold:   161        SH: 19    Dex: 26    Spells: 16/16 levels left

rFire   + . .      SeeInvis .   a - +10 demon blade "Newu" {venom, rElec rN+ Str+2}
rCold   + . .      Faith    .   d - +0 kite shield {reflect}
rNeg    + + .      Spirit   .   W - +4 gold dragon scales
rPois   +          Reflect  +   n - +2 hat of Jitz {rPois rN+ Dex+7 Stlth-}
rElec   +          Harm     .   F - +1 cloak
rCorr   .          Rampage  +   I - +0 pair of gloves {Str+3}
Will    ++...                   v - +2 pair of boots {rampage}
Stlth   ..........              f - amulet of the acrobat
HPRegen 0.36/turn               U - +6 ring of dexterity
MPRegen 0.16/turn               l - ring of willpower

@: heroic
A: horns 2, retaliatory headbutt, weak 1
a: Renounce Religion, Heroism, Finesse, Duel


You were on level 2 of the Elven Halls.
You worshipped Okawaru.
Okawaru was exalted by your worship.
You visited 5 branches of the dungeon, and saw 26 of its levels.
You also visited: Bailey.

You collected 2818 gold pieces.
You spent 2657 gold pieces at shops.

Inventory:

Hand Weapons
 a - the +10 demon blade "Newu" (weapon) {venom, rElec rN+ Str+2}
   (You acquired it in a bailey)

   It poisons the flesh of those it strikes.
   Str:       It affects your strength (+2).
   rElec:     It insulates you from electricity.
   rN:        It protects you from negative energy.
 b - the +7 falchion of Ytimem {antimagic, Fly rPois rN+}
   (You found it on level 9 of the Dungeon)

   It reduces the magical energy of the wielder, and disrupts the spells and
   magical abilities of those it strikes.
   Natural abilities and divine invocations are not affected.
   rPois:     It protects you from poison.
   rN:        It protects you from negative energy.
   Fly:       It grants you flight.
 c - the +10 zealot's sword {holy, *Rage rN+ EV+3}
   (You acquired it on level 5 of the Lair of Beasts)

   It has been blessed by the Shining One to cause great damage to the undead
   and demons.
   Whenever the wielder enters a berserk rage, their allies are berserked
   alongside them.
   EV:        It affects your evasion (+3).
   rN:        It protects you from negative energy.
   *Rage:     It berserks you when you make melee attacks (+20% chance).
 B - a +2 scimitar of flaming
Armour
 d - a +0 kite shield of reflection (worn)
 n - the +2 hat of Jitz (worn) {rPois rN+ Dex+7 Stlth-}
   (Okawaru gifted it to you on level 1 of the Elven Halls)

   Dex:       It affects your dexterity (+7).
   rPois:     It protects you from poison.
   rN:        It protects you from negative energy.
   Stlth:     It makes you less stealthy.
 v - a +2 pair of boots of rampaging (worn)
 F - a +1 cloak (worn)
 I - a +0 pair of gloves of strength (worn)
 W - +4 gold dragon scales (worn)
Jewellery
 e - an amulet of faith
 f - an amulet of the acrobat (around neck)
 l - a ring of willpower (right hand)
 t - a ring of protection from cold
 U - a +6 ring of dexterity (left hand)
Wands
 w - a wand of digging (2)
Scrolls
 i - 3 scrolls of acquirement
 j - 8 scrolls of teleportation
 k - 6 scrolls of magic mapping
 E - 2 scrolls of immolation
 X - 4 scrolls of fear
 Y - 2 scrolls of blinking
Potions
 g - 4 potions of resistance
 m - a potion of magic
 p - 6 potions of flight
 r - 9 potions of curing
 z - 5 potions of might
 L - 3 potions of haste
 T - 2 potions of heal wounds


   Skills:
 + Level 17.0(22.0) Fighting
 + Level 2.5(16.5) Short Blades
 + Level 18.6(23.6) Long Blades
 + Level 3.9(8.9) Polearms
 + Level 14.9(19.9) Armour
 + Level 9.9(14.9) Dodging
 + Level 3.9(8.9) Stealth
 + Level 17.4(22.4) Shields
 + Level 4.6 Invocations
 + Level 1.5 Evocations


You had 16 spell levels left.
You didn't know any spells.
Your spell library contained the following spells:

 Spells                   Type           Power      Damage    Failure   Level
 Magic Dart               Conj           0%         1d3       100%        1
 Sting                    Tmut/Pois      0%         1d3       100%        1
 Poisonous Vapours        Pois/Air       0%         N/A       100%        2
 Searing Ray              Conj           0%         2d4       100%        2
 Static Discharge         Conj/Air       0%         3-3/arc   100%        2
 Wereblood                Tmut           0%         N/A       100%        2
 Confusing Touch          Hex            0%         N/A       100%        3
 Conjure Flame            Conj/Fire      0%         6-21      100%        3
 Gell's Gravitas          Tloc           0%         N/A       100%        3
 Ignite Poison            Fire/Tmut/Pois 0%         N/A       100%        3
 Mephitic Cloud           Conj/Pois/Air  0%         N/A       100%        3
 Spider Form              Tmut/Pois      0%         N/A       100%        3
 Teleport Other           Tloc           0%         N/A       100%        3
 Corpse Rot               Necr/Pois/Air  0%         N/A       100%        4
 Fulminant Prism          Conj/Hex       0%         3d6       100%        4
 Iskenderun's Mystic Bla  Conj/Tloc      0%         2d3       100%        4
 Olgreb's Toxic Radiance  Pois           0%         N/A       100%        4
 Petrify                  Tmut/Erth      0%         N/A       100%        4
 Sticky Flame             Conj/Fire      0%         2d3       100%        4
 Blade Hands              Tmut           0%         N/A       100%        5
 Borgnjor's Vile Clutch   Necr/Erth      0%         N/A       100%        5
 Fireball                 Conj/Fire      0%         3d3       100%        5
 Freezing Cloud           Conj/Ice/Air   0%         6-21      100%        5
 Irradiate                Conj/Tmut      0%         3d11      100%        5
 Iskenderun's Battlesphe  Conj           0%         2d6       100%        5
 Lee's Rapid Deconstruct  Erth           0%         3d5*      100%        5
 Lightning Bolt           Conj/Air       0%         1d11      100%        5
 Yara's Violent Unravell  Hex/Tmut       0%         3d3       100%        5
 Conjure Ball Lightning   Conj/Air       0%         3x3d6     100%        6
 Dispersal                Tloc           0%         N/A       100%        6
 Dragon Form              Tmut           0%         N/A       100%        7
 Enfeeble                 Hex            0%         N/A       100%        7
 Orb of Destruction       Conj           0%         9d5       100%        7
 Maxwell's Capacitive Co  Air            0%         ∞         100%        8
 Animate Dead             Necr           Unusable   N/A       N/A         4
 Death Channel            Necr           Unusable   N/A       N/A         6

Dungeon Overview and Level Annotations

Branches:
Dungeon (15/15)            Temple (1/1) D:7            Lair (5/5) D:8
  Swamp (0/4) Lair:2       Spider (0/4) Lair:2        Slime (0/5) Lair:4
    Orc (2/2) D:12            Elf (3/3) Orc:2        Vaults (0/5) D:13
 Depths (0/4) D:15         Bailey (visited)

Altars:
Cheibriados
Dithmenos
Fedhas
Gozag
Kikubaaqudgha
Makhleb
Okawaru
Qazlal
Ru
Trog
Uskayaw
Vehumet
Wu Jian
Yredelemnul
Zin
The Shining One
Jiyva

Shops:
D:6 *   D:9 *==   D:11 ?(   D:14 !   Orc:2 :[*([   Elf:2 [

Annotations:
D:15 2 transporters, McKennaii's ghost, journeyman DgEE
Lair:4 Casa


Innate Abilities, Weirdness & Mutations

You have a pair of horns on your head.
You reflexively headbutt those who attack you in melee.
You are weak. (Str -2)


Message History

The deep elf pyromancer gestures wildly while chanting.
The deep elf pyromancer blinks!
The deep elf demonologist casts a spell.
The deep elf high priest hits you but does no damage.
The hellwing barely misses you. You block the hellwing's attack.
The tormentor calls on the powers of darkness!
The deep elf demonologist convulses!
The deep elf knight convulses!
Something is bathed in an unholy light!
Your body is wracked with pain!
* * * LOW HITPOINT WARNING * * *
The deep elf high priest convulses!
The deep elf pyromancer convulses!
The deep elf archer convulses!
You feel much better.
The deep elf high priest looks more healthy.
The deep elf knight casts a spell at you.
The lance of force misses you. You block something's attack.
The deep elf archer shoots an arrow.
The arrow hits you!!
* * * LOW HITPOINT WARNING * * *
You block the fire elemental's attack.
The deep elf pyromancer gestures wildly while chanting.
The deep elf high priest utters a dark prayer and points at you.
Your life force is offered up.
* * * LOW HITPOINT WARNING * * *
The deep elf archer is healed.
The deep elf demonologist is healed.
The deep elf pyromancer is healed.
The deep elf knight is healed.
The deep elf high priest is healed.
The deep elf knight gestures wildly while chanting.
The deep elf knight flickers and vanishes!
You block the hellwing's attack.
The hellwing hits you but does no damage.
Something hits you but does no damage.
Blink to where?
Press: ? - help, Dir - move target
As you read the scroll of blinking, it crumbles to dust.
The deep elf archer gestures wildly while chanting.
The deep elf archer blinks!
A shard of ice appears from out of thin air!
Your +0 kite shield of reflection reflects the shard of ice!
The deep elf high priest calls down the wrath of its god upon you.
Something smites you!
You die...

##......(##
#.......# ##)....##
##.....# #+#
##'###### #.# ##.##
#.# ##.######## #.#
##.###.....##
#.###.###.....@.##
#'##<###........§#
+#.#'####.........#
##....'..'..e.8E[..#
#.....####.E..3○{e.#
##...+# #...244{e[#
##.## ##e..∩12>##
### ##.....##
#######


You could see a Tzitzimitl (summoned), a soul eater (summoned), a deep elf
demonologist (empowered, very poisoned), a deep elf archer (empowered, repels
missiles), a deep elf high priest (brilliance aura), a hellwing (summoned), an
ice devil (summoned), a deep elf pyromancer (empowered, poisoned), a hellion
(summoned), a tormentor (summoned) and 2 fire elementals.

Vanquished Creatures
  Gastronok (D:8)
  Donald (Orc:2)
  Agnes (D:15)
  Louise (D:15)
  2 orc warlords (Orc:2)
  Nessos (Lair:4)
  A deep elf annihilator (Elf:1)
  A deep elf death mage (Elf:1)
  A fire dragon (Lair:5)
  Josephine (D:15)
  5 boulder beetles
  Erolcha (Orc:2)
  7 hydras
  A catoblepas (Lair:5)
  9 centaur warriors
  2 tengu warriors (D:13)
  6 dancing weapons (Elf:1)
  A death knight (D:15)
  6 death yaks (Lair:5)
  4 two-headed ogres
  4 deep elf knights (Elf:1)
  Amaemon (Lair:1)
  3 skeletal warriors (D:15)
  A sea snake (shapeshifter) (D:15)
  A flayed ghost (D:15)
  A swamp dragon (Lair:5)
  3 lindwurms (Lair:5)
  A wizard (D:13)
  7 deep elf archers
  6 orc knights
  17 deep elf pyromancers
  An obsidian statue (D:9)
  A necromancer (D:15)
  6 ugly things
  A mana viper (shapeshifter) (D:14)
  16 deep elf zephyrmancers
  4 orc sorcerers
  4 cyclopes
  4 manticores
  A frost giant zombie (D:15)
  4 black mambas
  Maurice (D:8)
  24 elephants
  Joseph (D:7)
  A frost giant skeleton (D:15)
  A black mamba (shapeshifter) (D:14)
  11 cane toads
  2 torpor snails (Lair:1)
  An orange demon (Lair:1)
  A gargoyle (D:12)
  5 rime drakes
  A freezing wraith (D:15)
  10 komodo dragons
  Maggie (D:8)
  An unseen horror (D:11)
  A tengu conjurer (D:14)
  An efreet (D:15)
  A yaktaur (D:15)
  3 polar bears
  13 blink frogs
  7 trolls
  2 spriggan zombies (D:15)
  4 slime creatures (D:15)
  The ghost of Atelerd the Digger, an amateur OpEE (D:4)
  10 dream sheep
  A slime creature (shapeshifter) (D:15)
  A jumping spider (D:14)
  A jumping spider (shapeshifter) (D:15)
  8 wraiths
  A shadow (D:10)
  A water elemental (Elf:1)
  2 air elementals (Elf:1)
  6 wyverns
  30 yaks
  6 basilisks
  18 vampire mosquitoes
  4 steam dragons
  2 redbacks (D:13)
  Menkaure (D:5)
  7 wargs
  3 acid dragons
  6 swamp worms
  14 water moccasins
  51 orc warriors
  2 swamp drakes (Lair:5)
  2 black bears
  A meliai simulacrum (D:14)
  A sky beast (D:6)
  27 wolves
  4 ogres
  19 centaurs
  A phantom (D:4)
  3 kobold brigands
  Blork the orc (D:5)
  14 bullfrogs
  5 necrophages
  2 scorpions (D:6)
  5 wights
  6 killer bees (D:8)
  6 howler monkeys
  A centaur zombie (D:7)
  A human zombie (D:7)
  A bullfrog zombie (D:7)
  3 hounds (D:4)
  19 orc priests
  A gnoll bouda (D:9)
  4 iguanas
  28 orc wizards
  A hell rat (Lair:5)
  4 mummies (D:7)
  9 adders
  9 gnolls
  A shadow imp (D:6)
  3 white imps
  3 worms
  2 dart slugs
  109 orcs
  3 bats
  4 endoplasms
  5 giant cockroaches
  11 goblins
  12 hobgoblins
  23 kobolds
  4 quokkas
  7 ball pythons
  3 frilled lizards
  6 rats
783 creatures vanquished.

Vanquished Creatures (others)
  A vampire mosquito (D:15)
  A centaur (D:13)
  An orc wizard (Orc:2)
  61 fungi
  100 plants
  9 withered plants (D:15)
173 creatures vanquished.

Grand Total: 956 creatures vanquished

Notes
Turn   | Place    | Note
-------+----------+-------------------------------------------
     0 | D:1      | Peloso the Minotaur Fighter began the quest for the Orb.
     0 | D:1      | Reached XP level 1. HP: 19/19 MP: 0/0
   301 | D:1      | Reached XP level 2. HP: 27/27 MP: 1/1
  1034 | D:2      | Reached XP level 3. HP: 31/33 MP: 2/2
  1089 | D:2      | Found a glowing silver altar of Zin.
  1157 | D:2      | Reached skill level 3 in Long Blades
  1821 | D:2      | Reached XP level 4. HP: 40/40 MP: 3/3
  2187 | D:3      | Reached skill level 4 in Long Blades
  2869 | D:3      | Identified a scroll of acquirement
  2984 | D:4      | Reached XP level 5. HP: 46/47 MP: 4/4
  3027 | D:4      | Found a runed translucent gate.
  3029 | D:4      | Found a runed translucent gate.
  3030 | D:4      | Found a runed translucent gate.
  3031 | D:4      | Found an opulent altar of Gozag.
  3033 | D:4      | Noticed Atelerd's ghost (amateur OpEE)
  3033 | D:4      | Noticed an ogre
  3063 | D:4      | Reached skill level 5 in Long Blades
  3063 | D:4      | Reached skill level 5 in Armour
  3063 | D:4      | Reached skill level 1 in Dodging
  3094 | D:4      | Reached XP level 6. HP: 53/53 MP: 5/5
  3463 | D:5      | Entered Level 5 of the Dungeon
  3637 | D:5      | Noticed Blork the orc
  4261 | D:4      | Reached skill level 5 in Fighting
  4261 | D:4      | Reached skill level 6 in Long Blades
  4261 | D:4      | Reached XP level 7. HP: 6/61 MP: 6/6
  4998 | D:5      | Noticed a green death
  4999 | D:5      | Found a burning altar of Makhleb.
  5004 | D:5      | Found a glowing silver altar of Zin.
  5004 | D:5      | Noticed an angel
  5573 | D:5      | Reached skill level 7 in Long Blades
  5635 | D:6      | Found Opungeem's Assorted Antiques.
  5643 | D:6      | Bought a scroll labelled SYCLAO DUETWUWK for 31 gold pieces
  5737 | D:6      | Reached skill level 5 in Shields
  5878 | D:6      | Reached XP level 8. HP: 40/69 MP: 7/7
  7066 | D:7      | Reached skill level 8 in Long Blades
  7125 | D:7      | Noticed Joseph
  7145 | D:7      | Killed Joseph
  7146 | D:7      | Reached skill level 1 in Stealth
  7346 | D:7      | Found a basalt altar of Yredelemnul.
  7431 | D:7      | Reached skill level 9 in Long Blades
  7708 | D:7      | Reached XP level 9. HP: 76/77 MP: 8/8
  7943 | D:7      | Reached skill level 10 in Long Blades
  8259 | D:7      | Found a snail-covered altar of Cheibriados.
  8355 | D:7      | Found a staircase to the Ecumenical Temple.
  8363 | Temple   | Entered the Ecumenical Temple
  8420 | Temple   | Became a worshipper of Warmaster Okawaru
  8454 | D:7      | Identified the +3 scale mail of the End {rElec MP+9 Str+2
                  | SInv}
  9019 | D:5      | Killed Blork the orc
  9053 | D:5      | Noticed Menkaure
  9058 | D:5      | Killed Menkaure
  9813 | D:8      | Noticed Maggie
  9825 | D:8      | Killed Maggie
  9825 | D:8      | Reached * piety under Okawaru
  9826 | D:8      | Reached skill level 11 in Long Blades
  9989 | D:8      | Noticed a troll
 10017 | D:8      | Killed a troll
 10214 | D:8      | Noticed a troll
 10214 | D:8      | Noticed Gastronok
 10229 | D:8      | Killed Gastronok
 10229 | D:8      | Reached ** piety under Okawaru
 10230 | D:8      | Reached skill level 12 in Long Blades
 10230 | D:8      | Reached XP level 10. HP: 77/88 MP: 9/9
 10235 | D:8      | Reached *** piety under Okawaru
 10916 | D:8      | Reached skill level 1 in Invocations
 10957 | D:8      | Noticed Maurice
 11193 | D:8      | Killed Maurice
 11323 | D:8      | Reached **** piety under Okawaru
 11336 | D:8      | Found a staircase to the Lair.
 11342 | D:8      | Found a sacrificial altar of Ru.
 11352 | D:8      | Found a radiant altar of Vehumet.
 11544 | D:9      | Found Ogiofoah's Jewellery Shoppe.
 11547 | D:9      | Noticed a cyclops
 11623 | Lair:1   | Entered Level 1 of the Lair of Beasts
 11630 | Lair:1   | Noticed a cane toad
 11833 | D:8      | Killed a cane toad
 12061 | Lair:1   | Noticed Amaemon
 12061 | Lair:1   | Noticed an orange demon
 12113 | D:9      | Killed a cyclops
 12135 | D:9      | Reached skill level 13 in Long Blades
 12431 | D:9      | Found Cuhakh's General Store.
 12502 | D:9      | Found Deexefu's Jewellery Shop.
 12557 | D:9      | Noticed an obsidian statue
 12565 | D:9      | Identified the +7 falchion of Ytimem {antimagic, Fly rPois
                  | rN+}
 12569 | D:9      | Gained mutation: You are weak. (Str -2) [a neqoxec]
 12602 | D:9      | Reached XP level 11. HP: 68/97 MP: 6/11
 12758 | D:9      | Found a glowing golden altar of the Shining One.
 12758 | D:9      | Found a bloodstained altar of Trog.
 13098 | D:10     | Entered Level 10 of the Dungeon
 13169 | D:10     | Found a flagged portal.
 13190 | D:10     | Reached skill level 10 in Armour
 13190 | D:10     | Noticed a two-headed ogre
 13205 | D:10     | Killed a two-headed ogre
 13364 | Bailey   | Entered a bailey
 13638 | Bailey   | Noticed an orc knight
 13638 | Bailey   | Noticed an orc knight
 13638 | Bailey   | Noticed an orc knight
 13658 | Bailey   | Killed an orc knight
 13658 | Bailey   | Killed an orc knight
 13663 | Bailey   | Killed an orc knight
 14213 | Bailey   | Reached skill level 10 in Fighting
 14839 | D:10     | Reached skill level 5 in Dodging
 15050 | D:10     | Acquired the +10 demon blade "Newu" {venom, rElec rN+
                  | Str+2}
 15330 | D:11     | Found Xousapun's Hydra Hut.
 15344 | D:11     | Noticed an eight-headed hydra
 15353 | D:11     | Noticed a two-headed ogre
 15359 | D:11     | Killed a two-headed ogre
 15359 | D:11     | Reached ***** piety under Okawaru
 15481 | D:11     | Reached skill level 14 in Long Blades
 15601 | D:11     | Noticed a five-headed hydra
 15640 | D:11     | Found Kybo's Magic Scroll Shop.
 15688 | D:11     | Noticed a five-headed hydra
 16011 | Lair:1   | Killed Amaemon
 16410 | Lair:1   | Reached XP level 12. HP: 108/108 MP: 12/12
 17015 | Lair:1   | Received a gift from Okawaru
 17554 | Lair:2   | Found a hole to the Spider Nest.
 17573 | Lair:2   | Received a gift from Okawaru
 17582 | Lair:2   | Reached skill level 10 in Shields
 18082 | Lair:2   | Reached skill level 15 in Long Blades
 18155 | Lair:2   | Found a staircase to the Swamp.
 18185 | Lair:2   | Received a gift from Okawaru
 18863 | Lair:3   | Noticed a six-headed hydra
 18880 | Lair:3   | Killed a six-headed hydra
 18890 | Lair:3   | Reached skill level 1 in Short Blades
 19262 | Lair:3   | Reached ****** piety under Okawaru
 19366 | Lair:3   | Noticed a boulder beetle
 19379 | Lair:3   | Killed a boulder beetle
 19397 | Lair:3   | Reached XP level 13. HP: 77/119 MP: 14/14
 19443 | Lair:3   | Received a gift from Okawaru
 20464 | Lair:3   | Identified the +4 pearl dragon scales of the Tick {-Tele
                  | rN+ Dex+4 Slay+3 SInv}
 20466 | Lair:3   | Got Alikac's Secrets of Stormy Filth
 21154 | D:12     | Found a staircase to the Orcish Mines.
 22013 | Orc:1    | Entered Level 1 of the Orcish Mines
 22279 | Orc:2    | Entered Level 2 of the Orcish Mines
 22381 | Orc:2    | Noticed Donald
 22397 | Orc:2    | Killed Donald
 22672 | Orc:2    | Noticed an orc warlord
 22731 | Orc:2    | Killed an orc warlord
 22985 | Orc:2    | Found Okhlen Witt's General Store.
 23096 | Orc:2    | Bought a potion of curing for 36 gold pieces
 23143 | Orc:2    | Noticed Erolcha
 23154 | Orc:2    | Killed Erolcha
 23162 | Orc:2    | Reached skill level 16 in Long Blades
 23165 | Orc:2    | Received a gift from Okawaru
 23184 | Orc:2    | Found Oge Wass's Armour Shoppe.
 23335 | Orc:2    | Found a staircase to the Elven Halls.
 23814 | Orc:2    | Found Obyekhlu's Book Boutique.
 24151 | Orc:2    | Noticed an orc warlord
 24174 | Orc:2    | Killed an orc warlord
 24202 | Orc:2    | Found Zoirot's Antique Weapon Shop.
 24208 | Orc:2    | Found Koihimp's Antique Armour Boutique.
 24219 | Orc:2    | Bought a pair of dazzling boots for 266 gold pieces
 24219 | Orc:2    | Identified the +2 pair of boots "Vobuemac" {Rampage
                  | *Corrode rN+} (You bought it in a shop on level 2 of the
                  | Orcish Mines)
 24324 | D:11     | Bought 2 scrolls of acquirement for 1352 gold pieces
 24843 | Lair:3   | Reached XP level 14. HP: 126/130 MP: 15/15
 25059 | Lair:4   | Found a staircase to the Slime Pits.
 25263 | Lair:4   | Found a viscous altar of Jiyva.
 25381 | Lair:4   | Received a gift from Okawaru
 25772 | Lair:4   | Identified the +1 scale mail of the Illusory Tusks {rC- rN+
                  | Will+} (Okawaru gifted it to you on level 4 of the Lair of
                  | Beasts)
 25772 | Lair:4   | Received a gift from Okawaru
 25851 | Lair:4   | Noticed Nessos
 25867 | Lair:4   | Killed Nessos
 26401 | Lair:5   | Entered Level 5 of the Lair of Beasts
 26627 | Lair:5   | Acquired the +10 zealot's sword {holy, *Rage rN+ EV+3}
 26627 | Lair:5   | Found the +10 zealot's sword {holy, *Rage rN+ EV+3}
 27528 | Lair:5   | Reached skill level 17 in Long Blades
 28032 | Lair:5   | Reached skill level 1 in Polearms
 28047 | Lair:5   | Identified the +11 triple sword of Hihil {vorpal, Str-5
                  | Int+4} (Okawaru gifted it to you on level 5 of the Lair of
                  | Beasts)
 28047 | Lair:5   | Received a gift from Okawaru
 28057 | Lair:5   | Identified the +8 arbalest of Lirch {penet, rPois rN+ rCorr
                  | Dex+4}
 28067 | Lair:5   | Reached skill level 15 in Fighting
 28067 | Lair:5   | Reached XP level 15. HP: 48/141 MP: 17/17
 29212 | D:11     | Bought a scroll of magic mapping for 97 gold pieces
 29212 | D:11     | Bought a scroll of magic mapping for 97 gold pieces
 29212 | D:11     | Bought a scroll of blinking for 97 gold pieces
 29450 | D:13     | Reached skill level 15 in Shields
 29525 | D:13     | Reached XP level 16. HP: 123/149 MP: 18/18
 29688 | D:13     | Identified the +8 quarterstaff "Qeun" {freeze, Str+4 Int+4}
                  | (Okawaru gifted it to you on level 13 of the Dungeon)
 29688 | D:13     | Received a gift from Okawaru
 30252 | D:13     | Found a gate to the Vaults.
 30755 | D:14     | Found Tailom's Distillery.
 30768 | D:14     | Bought a potion of heal wounds for 75 gold pieces
 30926 | D:15     | Entered Level 15 of the Dungeon
 30929 | D:15     | Found a transporter.
 30938 | D:15     | Found a transporter.
 30944 | D:15     | Noticed Louise
 30945 | D:15     | Noticed McKennaii's ghost (journeyman DgEE)
 30963 | D:15     | Killed Louise
 30965 | D:15     | Found a blossoming altar of Fedhas.
 31513 | D:15     | Noticed Agnes
 31527 | D:15     | Killed Agnes
 31628 | D:15     | Found a staircase to the Depths.
 31643 | D:15     | Identified the +1 chain mail of the Endless Expanse {rPois
                  | rC++} (Okawaru gifted it to you on level 15 of the Dungeon)
 31643 | D:15     | Received a gift from Okawaru
 32234 | D:15     | Noticed Josephine
 32245 | D:15     | Killed Josephine
 32880 | D:4      | Killed Atelerd's ghost
 32881 | D:4      | Reached skill level 18 in Long Blades
 33594 | D:9      | Got the Exposition on Transfiguration and Cold
 34683 | D:9      | Bought a ring of willpower for 350 gold pieces
 34831 | Elf:1    | Entered Level 1 of the Elven Halls
 34959 | Elf:1    | Reached skill level 1 in Evocations
 35525 | Elf:1    | Paralysed by an air elemental for 1 turns
 35949 | Elf:1    | Reached XP level 17. HP: 160/160 MP: 19/19
 36040 | Elf:1    | Identified the +2 hat of Jitz {rPois rN+ Dex+7 Stlth-}
                  | (Okawaru gifted it to you on level 1 of the Elven Halls)
 36040 | Elf:1    | Received a gift from Okawaru
 36550 | Elf:2    | Found Irielet's Antique Armour Emporium.
 36559 | Elf:2    | Bought an embroidered scarf for 256 gold pieces
 36630 | Elf:3    | Entered Level 3 of the Elven Halls
 36704 | Elf:2    | Noticed a Tzitzimitl
 36712 | Elf:2    | HP: 7/161 [???[a deep elf high priest] (3)]
 36715 | Elf:2    | Killed from afar by a deep elf high priest

Illustrated notes

Levels and vault maps discovered:
D:1:      dpeg_arrival_round_b, layout_loops_corners
D:2:      layout_basic, basic_altar
D:3:      layout_basic
D:4:      layout_basic, ebering_ghost_gozag
D:5:      layout_cave_pools, grunt_temple_overflow_order_and_chaos_2,
          patterned_corridor, uniq_menkaure, uniq_blork_the_orc
D:6:      layout_basic, serial_shops, nicolae_shop_waterfront, kennysheep_nub
D:7:      layout_loops_ring, lemuel_mausoleum_altar_yredelemnul,
          mainiacjoe_overflow_six_doors_small, minmay_temple_entry_waves,
          grunt_decor_one_mirror, sigmund_army, uniq_joseph
D:8:      layout_basic, mainiacjoe_overflow_alcove_1, vehumet_altar_wand_db,
          grunt_lair_entry_orc_guard_hut, wad_mini_maze, uniq_gastronok,
          uniq_maurice, uniq_maggie
D:9:      layout_loops_ring, gammafunk_temple_overflow_pools, serial_shops,
          nicolae_shop_window_shopping, nicolae_shop_statue_plus, shop,
          minmay_protected_statue
D:10:     layout_loops_ring, enter_bailey_5
D:11:     layout_cave_pools, serial_shops, shop_scrolls, doesnt_shop_hydraphobe
D:12:     layout_loops_corners, orc_0_dummy
D:13:     layout_irregular_city, david_vaults_1
D:14:     layout_rooms, serial_shops, shop, small_statue_alley_a
D:15:     gammafunk_depths_entry_grave, layout_stronghold, fedhas_altar_2,
          gammafunk_ghost_berserking_beasts, grunt_decor_cap, uniq_josephine,
          uniq_louise, uniq_agnes
Temple:   dpeg_chambers_temple
Lair:1:   layout_regular_city, infiniplex_staircase_pool_2, grunt_megastairs_4,
          serial_bayou_shore_b, uniq_amaemon
Lair:2:   layout_regular_city, minmay_swamp_entry_worms, spider_nest_entry_webs,
          hangedman_lair_unloving_vines
Lair:3:   layout_cave_pods, dreamdust_mushroom_princess, worms_lemuel
Lair:4:   layout_gridlike, slime_entry_1, uniq_nessos
Lair:5:   guppyfry_lair_end_dragon, layout_cellular_growth,
          hangedman_lair_in_review, lemuel_fruit_tree, serial_bayou_shore_b
Orc:1:    layout_caves
Orc:2:    grunt_orc_community_town_hall, layout_caves,
          grunt_orc_community_big_house_1, grunt_orc_community_big_house_1,
          grunt_orc_community_house_2, grunt_orc_community_house_3,
          grunt_orc_community_house_2, grunt_orc_community_house_3,
          grunt_orc_community_house_3, serial_shops, nicolae_lakefront_shop,
          uniq_erolcha, uniq_donald
Elf:1:    minmay_elf_arrival_summoners, layout_geoelf_grid,
          minmay_elf_annihilation
Elf:2:    nicolae_elf_blades_splatter_lattice
          [nicolae_blade_entry_area_security], layout_geoelf_octagon,
          serial_shops, shop
Elf:3:    minmay_elf_hall_statues, layout_geoelf_diagonals, grunt_ministairs_14

Skill      XL: |  1  2  3  4  5  6  7  8  9 10 11 12 13 14 15 16 17 |
---------------+----------------------------------------------------+-----
Armour         | 4 5 6 8 9 10 12 13 14 | 14.9
Shields        | 4 5 7 9 10 12 14 15 17 | 17.4
Fighting       | 4 5 6 7 9 10 12 13 15 16 17 | 17.0
Long Blades    | 3 4 5 6 7 9 12 13 14 15 16 17 18 | 18.6
Dodging        | 1 2 3 4 5 6 8 9 |  9.9
Stealth        | 1 2 3 |  3.9
Invocations    | 1 2 3 4 |  4.6
Short Blades   | 1 2 |  2.5
Polearms       | 2 3 |  3.9
Evocations     | 1 |  1.5

Action                   |  1- 3 |  4- 6 |  7- 9 | 10-12 | 13-15 | 16-18 || total
-------------------------+-------+-------+-------+-------+-------+-------++-------
Melee: Long sword        |    83 |   143 |   327 |   180 |       |       ||   733
       Headbutt          |    12 |    15 |    90 |   139 |   199 |   163 ||   618
       Falchion          |       |       |       |   165 |    51 |       ||   216
       Demon blade       |       |       |       |   301 |   763 |   645 ||  1709
       Dagger            |       |       |       |    13 |    13 |       ||    26
       Trident           |       |       |       |       |    22 |       ||    22
Invok: Heroism           |       |       |     1 |    13 |    13 |     6 ||    33
       Finesse           |       |       |       |       |     1 |     2 ||     3
Evoke: Wand              |       |       |       |     3 |       |     7 ||    10
  Use: Scroll            |     3 |     3 |     4 |    17 |     7 |     5 ||    39
       Potion            |     2 |     4 |     2 |     5 |     1 |     2 ||    16
Armor: Scale mail        |    43 |    58 |    93 |   243 |   335 |    26 ||   798
       Gold dragon scale |       |       |       |       |       |   259 ||   259
Dodge: Dodged            |    47 |    86 |   140 |   490 |   511 |   247 ||  1521
Block: Buckler           |    20 |    33 |    67 |   233 |    22 |       ||   375
       Kite shield       |       |       |       |       |   519 |   416 ||   935
       Tower shield      |       |       |       |       |    80 |       ||    80
       Reflection        |       |       |       |       |    24 |    57 ||    81
